 Dungeon Crawl Stone Soup version 0.29.1-15-g9cfb28693d (webtiles) character file.

Game seed: 10743014605913669118

46 javelincjr the Magician (level 3, 0/24 HPs)
             Began as a Demonspawn Hedge Wizard on Mar 28, 2023.
             Slain by a black bear (6 damage)
             ... on level 3 of the Dungeon.
             The game lasted 00:05:53 (2291 turns).

javelincjr the Magician (Demonspawn Hedge Wizard)   Turns: 2291, Time: 00:05:53

Health: 0/24       AC:  4    Str: 12    XL:     3   Next: 44%
Magic:  2/7        EV: 12    Int: 15    God:
Gold:   91         SH:  0    Dex: 12    Spells: 2/8 levels left

rFire   . . .      SeeInvis .   e - +0 dagger (pain)
rCold   . . .      Faith    .   (no shield)
rNeg    . . .      Spirit   .   b - +0 robe
rPois   .          Reflect  .   c - +0 hat
rElec   .          Harm     .   o - +0 cloak
rCorr   .          Rampage  .   n - +0 pair of gloves
Will    .....                   (no boots)
Stlth   ++........              (no amulet)
HPRegen 0.08/turn               (no ring)
MPRegen 0.10/turn               (no ring)

@: no status effects
A: spiny 1
a: no special abilities


You were on level 3 of the Dungeon.
You visited 1 branch of the dungeon, and saw 3 of its levels.

You collected 91 gold pieces.

Inventory:

Hand Weapons
 a - a +0 dagger
 e - a +0 dagger of pain (weapon)
Missiles
 h - 2 throwing nets
Armour
 b - a +0 robe (worn)
 c - a +0 hat (worn)
 n - a +0 pair of gloves (worn)
 o - a +0 cloak (worn)
Magical Staves
 m - a staff of air
Scrolls
 f - 3 scrolls of identify {unknown}
 i - a scroll of poison {unknown}
 j - a scroll of magic mapping {unknown}
 k - 2 scrolls of fog {unknown}
 l - a scroll of teleportation {unknown}
Potions
 d - a potion of magic
 g - a potion of curing {unknown}


   Skills:
 + Level 2.1 Dodging
 + Level 2.1 Stealth
 + Level 3.2 Spellcasting
 + Level 1.5 Conjurations
 + Level 1.6 Summonings
 + Level 1.4 Translocations


You had 2 spell levels left.
You knew the following spells:

 Your Spells              Type           Power      Damage    Failure   Level
a - Magic Dart            Conj           28%        1d4       11%         1
b - Call Imp              Summ           7%         N/A       16%         2
c - Blink                 Tloc           12%        N/A       17%         2
d - Slow                  Hex            8%         N/A       21%         1

Your spell library contained the following spells:

 Spells                   Type           Power      Damage    Failure   Level
 Conjure Flame            Conj/Fire      4%         6-21      38%         3
 Mephitic Cloud           Conj/Pois/Air  4%         N/A       43%         3


Dungeon Overview and Level Annotations

Branches:
Dungeon (2/15)

Altars:
Xom


Innate Abilities, Weirdness & Mutations

You are partially covered in sharp spines.


Message History

The black bear is lightly wounded.
The orc misses your crimson imp.
You hit the black bear.
The black bear is moderately wounded.
The black bear closely misses you. The black bear claws you.
The black bear misses you.
The orc wizard gestures wildly while chanting.
The orc wizard flickers and vanishes!
Deactivating autopickup; reactivate with Ctrl-A.
You hit the black bear.
The black bear is moderately wounded.
The black bear bites you. The black bear claws you. x2
Your crimson imp blinks!
You hit the black bear.
The black bear is heavily wounded.
The black bear misses you.
The black bear claws you but does no damage.
The black bear closely misses you.
You closely miss the black bear.
The black bear is heavily wounded.
The black bear is struck by your spines.
The black bear barely misses you. The black bear completely misses you.
The black bear claws you but does no damage.
You hit the black bear.
The black bear is severely wounded.
The black bear goes berserk!
You hit the black bear.
The black bear is severely wounded.
The black bear closely misses you. The black bear claws you.
The black bear barely misses you.
The orc misses something.
You hit the black bear but do no damage.
The black bear is severely wounded.
The black bear is struck by your spines.
The black bear completely misses you. The black bear misses you.
The black bear claws you.
The orc barely misses something.
The black bear is struck by your spines.
The black bear bites you.
* * * LOW HITPOINT WARNING * * *
The black bear claws you.
You die...

...###.#.#####....#
##........... ...# #.#
#....# #..#########
...###.# #....# #..#
'#.#...# ##.### #..#
...##### #..## #..#
....... ##..# #..# ...####
##.# #..#
#################.####..#
.........)......@.......#
#################h#####.##
#..o.......# #..........#
#..........# #........).#
######.##.## #..[.#
####h.#


You could see a black bear (berserk) and an orc.

Vanquished Creatures
  A dart slug (D:1)
  A bat (D:1)
  5 endoplasms
  5 goblins
  8 hobgoblins
  2 jackals (D:1)
  4 kobolds
  A quokka (D:3)
  5 ball pythons
  2 frilled lizards
  A rat (D:3)
35 creatures vanquished.

Notes
Turn   | Place    | Note
-------+----------+-------------------------------------------
     0 | D:1      | javelincjr the Demonspawn Hedge Wizard began the quest for
                  | the Orb.
     0 | D:1      | Reached XP level 1. HP: 13/13 MP: 4/4
   309 | D:1      | Reached skill level 1 in Translocations
   520 | D:1      | Gained mutation: You are partially covered in sharp spines.
                  | [demonic ancestry]
   520 | D:1      | Reached XP level 2. HP: 17/19 MP: 1/6
  1487 | D:1      | Reached XP level 3. HP: 24/24 MP: 5/7
  1867 | D:2      | Found a shimmering altar of Xom.
  1874 | D:2      | You fall into a shaft and drop 1 floor!
  1935 | D:3      | Learned a level 2 spell: Call Imp
  1942 | D:3      | Noticed a black bear
  2270 | D:3      | Learned a level 2 spell: Blink
  2272 | D:3      | Learned a level 1 spell: Slow
  2291 | D:3      | Slain by a black bear

Illustrated notes

Levels and vault maps discovered:
D:1:      kennysheep_arrival_seaside, layout_basic, minmay_statues_item
D:2:      layout_basic, basic_altar, ebering_ecumenical_altar_sacrificial,
          st_stairs_1, patterned_corridor
D:3:      layout_basic, st_stairs_9

Skill      XL: |  1  2 |
---------------+-------+-----
Translocations | 1 |  1.4
Dodging        | 2 |  2.1
Stealth        | 2 |  2.1
Spellcasting   | |  3.2
Conjurations   | |  1.5
Summonings     | |  1.6

Action                   || total
-------------------------++-------
Melee: Dagger            ||    80
       Punch             ||     1
 Cast: Magic Dart        ||    34
       Slow              ||     1
       Call Imp          ||     1
 Stab: Sleeping          ||     3
Armor: Robe              ||     6
Dodge: Dodged            ||    48
